 Dungeon Crawl Stone Soup version 0.24.0-123-gd5b16e6ec5 (webtiles) character file.

Game seed: 12039389705161318117, levelgen mode: deterministic

19418 Peloso the Carver (level 12, -12/108 HPs)
             Began as a Minotaur Fighter on Dec 20, 2019.
             Was a High Priest of Okawaru.
             Killed by divine providence
             ... invoked by a meliai
              (14 damage)
             ... on level 13 of the Dungeon.
             The game lasted 00:38:57 (14582 turns).

Peloso the Carver (Minotaur Fighter)               Turns: 14582, Time: 00:38:57

Health: -12/108    AC: 21    Str: 24    XL:     12   Next: 36%
Magic:  7/12       EV: 12    Int:  5    God:    Okawaru [*****.]
Gold:   604        SH: 15    Dex: 12    Spells: 11/11 levels left

rFire    + . .     SeeInvis .   a - +2 long sword (protect)
rCold    + + .     Gourm    .   c - +0 shield
rNeg     . . .     Faith    +   P - +0 plate armour (curse)
rPois    .         Spirit   .   (helmet restricted)
rElec    .         Reflect  .   D - scarf {rC+ rF+}
rCorr    +         Harm     .   y - +1 pair of gloves
MR       .....                  G - +0 pair of boots
Stlth    ..........             i - amulet of faith
HPRegen  0.28/turn              j - ring of resist corrosion
MPRegen  0.13/turn              u - ring of protection from cold

@: about to teleport, heroism
A: retaliatory headbutt, horns 2
a: Heroism, Finesse, Renounce Religion


You were on level 13 of the Dungeon.
You worshipped Okawaru.
Okawaru was extremely pleased with you.
You were not hungry.

You visited 3 branches of the dungeon, and saw 16 of its levels.
You also visited: Ossuary.

You collected 604 gold pieces.

Inventory:

Hand Weapons
 a - a +2 long sword of protection (weapon)
Armour
 c - a +0 shield (worn)
 y - a +1 pair of gloves (worn)
 D - a scarf of resistance (worn)
 G - a +0 pair of boots (worn)
 P - a cursed +0 plate armour (worn)
Jewellery
 i - an amulet of faith (around neck)
 j - a ring of resist corrosion (left hand)
 u - a ring of protection from cold (right hand)
Wands
 g - a wand of digging (2)
Scrolls
 d - 2 scrolls of random uselessness {unknown}
 e - a scroll of identify
 l - 2 scrolls of fog {unknown}
 m - 10 scrolls of remove curse
 o - 7 scrolls of teleportation
 v - 4 scrolls of magic mapping
 w - a scroll of fear {unknown}
 x - a scroll of acquirement {unknown}
 A - 6 scrolls of noise {unknown}
 E - 2 scrolls of amnesia {unknown}
 H - 2 scrolls of enchant armour {unknown}
 K - a scroll of silence {unknown}
 Q - a scroll of enchant weapon {unknown}
Potions
 n - 2 potions of agility
 p - 2 potions of flight
 q - a potion of resistance
 r - 2 potions of curing
 z - 3 potions of invisibility
 B - 2 potions of haste
Comestibles
 b - 6 chunks of flesh
 f - 25 rations


   Skills:
 + Level 10.7(15.7) Fighting
 + Level 13.8(18.8) Long Blades
 + Level 11.0(16.0) Armour
 + Level 4.1(9.1) Dodging
 + Level 1.4(6.4) Stealth
 + Level 12.7(17.7) Shields
 + Level 1.7 Invocations
 + Level 1.6 Evocations


You had 11 spell levels left.
You didn't know any spells.
Your spell library contained the following spells:

 Spells                   Type           Power        Failure   Level  Hunger
 Beastly Appendage        Tmut           #.....       98%         1    ##.....
 Confusing Touch          Hex            #.....       98%         1    ##.....
 Sticks to Snakes         Tmut           #.......     99%         2    ###....
 Confuse                  Hex            #.......     100%        3    ####...
 Gell's Gravitas          Tloc           #.........   100%        3    ####...
 Spider Form              Tmut/Pois      #.........   100%        3    ####...
 Ice Form                 Ice/Tmut       #.......     100%        4    #####..
 Petrify                  Tmut/Erth      #.......     100%        4    #####..
 Blade Hands              Tmut           #.........   100%        5    ######.
 Metabolic Englaciation   Hex/Ice        #.........   100%        5    ######.
 Yara's Violent Unravell  Hex/Tmut       #.........   100%        5    ######.


Dungeon Overview and Level Annotations

Branches:
Dungeon (13/15)            Temple (1/1) D:5            Lair (2/6) D:11
    Orc (0/2) D:11        Ossuary (visited)
  Swamp: Lair:2-4    Shoals: Lair:2-4     Snake: Lair:2-4    Spider: Lair:2-4
 Vaults: D:13-14

Altars:
Ashenzari
Cheibriados
Dithmenos
Elyvilon
Fedhas
Gozag
Hepliaklqana
Kikubaaqudgha
Makhleb
Nemelex Xobeh
Okawaru
Qazlal
Ru
Sif Muna
Trog
Uskayaw
Vehumet
Wu Jian
Xom
Yredelemnul
Zin
The Shining One
Beogh

Annotations:
D:12 Erolcha


Innate Abilities, Weirdness & Mutations

You reflexively headbutt those who attack you in melee.
You have a pair of horns on your head.


Message History

Unknown command.
You hit the meliai but do no damage.
Your weapon exudes an aura of protection.
The meliai mumbles some strange prayers to its god against you.
Something smites you!
* * * LOW HITPOINT WARNING * * *
You block the meliai's attack. The meliai barely misses you.
Unknown command.
You block the meliai's attack.
The meliai stings you but does no damage.
You block the meliai's attack.
The meliai stings you but does no damage.
The meliai closely misses you.
The meliai stings you but does no damage.
The meliai invokes the aid of its god against you.
Something smites you!
* * * LOW HITPOINT WARNING * * *
The meliai mumbles some strange prayers to its god against you.
Something smites you!
You die...

...........## #...
...>........##....
..................
..................
..............#
.......<...)#
..."...††..##
.......yy...###
..##...@y.....# #
#............#
#............#
##.#...........
#.##.......... ##
...........
.......#.#
.......#


You could see 3 meliai.

Vanquished Creatures
  Harold (D:7)
  4 hydras
  2 two-headed ogres
  Pikel (D:4)
  2 ugly things (D:11)
  An elephant (D:10)
  Joseph (D:10)
  2 komodo dragons
  A queen bee (Lair:1)
  6 hippogriffs
  3 basilisks
  A yak (shapeshifter) (D:11)
  7 yaks
  An acid dragon (D:11)
  Duvessa (D:7)
  3 water moccasins
  A porcupine (Lair:1)
  An ice beast (D:5)
  A sky beast (D:5)
  A black bear (D:7)
  10 orc warriors
  An eye of draining (D:11)
  9 ogres
  A necrophage (D:10)
  2 centaurs (D:8)
  3 phantoms
  3 crocodiles
  4 bullfrogs
  6 big kobolds
  An elf zombie (D:4)
  Dowan (D:7)
  A wyvern skeleton (D:7)
  4 scorpions
  28 killer bees
  8 electric eels
  13 wights
  2 howler monkeys
  5 crimson imps
  3 bullfrog skeletons
  8 hounds
  4 jellies
  3 gnoll shamans (D:10)
  11 orc priests
  Crazy Yiuf (D:7)
  Jessica (D:2)
  3 centaur skeletons
  9 iguanas
  2 human skeletons (D:4)
  20 orc wizards
  3 worker ants
  A killer bee zombie (D:9)
  Terence (D:2)
  7 big kobold zombies (Ossuary)
  A mummy (Ossuary)
  16 gnolls
  3 worker ant zombies
  12 adders
  3 shadow imps
  An ooze (D:3)
  2 adder skeletons
  A worm (D:2)
  4 leopard geckos
  64 orcs
  2 spectral bats (Ossuary)
  9 bats
  12 giant cockroaches
  5 gnoll zombies (Ossuary)
  7 goblins
  7 hobgoblins
  14 jackals
  12 kobolds
  A quokka (D:7)
  A ball python (D:2)
  A ball python zombie (D:6)
  5 bat simulacra (Ossuary)
  6 frilled lizards
  2 goblin simulacra (Ossuary)
  5 goblin zombies (Ossuary)
  2 hobgoblin zombies (Ossuary)
  A jackal skeleton (D:7)
  4 kobold simulacra (Ossuary)
  6 kobold zombies (Ossuary)
  A leopard gecko skeleton (D:5)
  2 orc skeletons (D:4)
  6 orc zombies
  A quokka zombie (D:8)
  5 rats
  6 rat simulacra (Ossuary)
  4 spectral goblins (Ossuary)
  2 spectral kobolds (Ossuary)
  2 spectral rats (Ossuary)
  A fungus (Lair:1)
  A plant (Lair:1)
460 creatures vanquished.

Vanquished Creatures (others)
  A slave (D:4)
  A shadow imp (D:8)
  An orc (D:4)
  A giant cockroach (D:4)
  6 fungi (D:10)
  6 plants (D:10)
16 creatures vanquished.

Grand Total: 476 creatures vanquished

Notes
Turn   | Place    | Note
-------+----------+-------------------------------------------
     0 | D:1      | Peloso the Minotaur Fighter began the quest for the Orb.
     0 | D:1      | Reached XP level 1. HP: 19/19 MP: 0/0
    53 | D:1      | Reached XP level 2. HP: 20/27 MP: 1/1
   308 | D:1      | Reached XP level 3. HP: 24/34 MP: 2/2
   463 | D:2      | Reached skill level 3 in Long Blades
   476 | D:2      | Reached XP level 4. HP: 34/41 MP: 3/3
  1020 | D:2      | Noticed Terence
  1029 | D:2      | Killed Terence
  1106 | D:2      | Noticed Jessica
  1111 | D:2      | Killed Jessica
  1111 | D:2      | Reached skill level 4 in Long Blades
  1111 | D:2      | Reached skill level 1 in Dodging
  1111 | D:2      | Reached XP level 5. HP: 45/47 MP: 4/4
  1647 | D:3      | Found a burning altar of Makhleb.
  1891 | D:4      | Noticed Pikel
  1891 | D:4      | Noticed a slave
  1891 | D:4      | Noticed a slave
  1891 | D:4      | Noticed a slave
  1891 | D:4      | Noticed a slave
  1913 | D:4      | Killed Pikel
  1913 | D:4      | Reached skill level 5 in Fighting
  1913 | D:4      | Reached skill level 6 in Long Blades
  1913 | D:4      | Reached skill level 5 in Armour
  1913 | D:4      | Reached skill level 5 in Shields
  1913 | D:4      | Reached XP level 6. HP: 8/56 MP: 5/5
  1913 | D:4      | Reached XP level 7. HP: 9/61 MP: 6/6
  2186 | D:4      | Found a sand-covered staircase.
  2200 | Ossuary  | Entered an ossuary
  2632 | Ossuary  | Reached skill level 7 in Long Blades
  2797 | D:4      | Reached XP level 8. HP: 69/69 MP: 7/7
  3565 | D:4      | Reached skill level 8 in Long Blades
  3780 | D:5      | Entered Level 5 of the Dungeon
  3794 | D:5      | You fall into a shaft and drop 2 floors!
  3794 | D:7      | Noticed Duvessa
  3795 | D:7      | Noticed Dowan
  3798 | D:7      | Noticed Harold
  3818 | D:7      | Killed Duvessa
  3827 | D:7      | Killed Harold
  3827 | D:7      | Reached skill level 9 in Long Blades
  3827 | D:7      | Reached skill level 1 in Stealth
  3827 | D:7      | Reached XP level 9. HP: 27/79 MP: 8/8
  3828 | D:7      | Killed Dowan
  4539 | D:5      | Found an ornate altar of the Wu Jian Council.
  4818 | D:5      | Found a staircase to the Ecumenical Temple.
  4904 | Temple   | Entered the Ecumenical Temple
  5526 | D:6      | Found a stormy altar of Qazlal.
  5597 | D:6      | Reached skill level 10 in Long Blades
  5693 | D:6      | Reached XP level 10. HP: 28/89 MP: 9/9
  5971 | D:6      | Found an iron altar of Okawaru.
  5979 | D:6      | Became a worshipper of Warmaster Okawaru
  6886 | D:6      | Found a bloodstained altar of Trog.
  6996 | D:6      | Found a sacrificial altar of Ru.
  7091 | D:7      | Found a blossoming altar of Fedhas.
  7259 | D:7      | Reached * piety under Okawaru
  7355 | D:7      | Found a runed translucent door.
  7356 | D:7      | Noticed Crazy Yiuf
  7596 | D:7      | Killed Crazy Yiuf
  7651 | D:8      | Noticed a two-headed ogre
  7667 | D:7      | Killed a two-headed ogre
  7667 | D:7      | Reached ** piety under Okawaru
  7667 | D:7      | Reached skill level 11 in Long Blades
  8170 | D:8      | Found an opulent altar of Gozag.
  8292 | D:9      | Found a basalt altar of Yredelemnul.
  8310 | D:9      | Reached skill level 10 in Shields
  8399 | D:9      | Noticed a two-headed ogre
  8409 | D:9      | Killed a two-headed ogre
  8635 | D:9      | Reached *** piety under Okawaru
  8635 | D:9      | Reached skill level 12 in Long Blades
  8954 | D:10     | Entered Level 10 of the Dungeon
  8954 | D:10     | Found a bloodstained altar of Trog.
  9144 | D:10     | Reached XP level 11. HP: 79/97 MP: 7/10
  9373 | D:10     | Noticed Joseph
  9388 | D:10     | Killed Joseph
 10364 | D:10     | Reached **** piety under Okawaru
 11335 | D:11     | Found a staircase to the Lair.
 11410 | D:10     | Reached skill level 1 in Evocations
 11558 | D:11     | Reached skill level 10 in Armour
 11892 | D:11     | Found a staircase to the Orcish Mines.
 11900 | D:11     | Found a roughly hewn altar of Beogh.
 11931 | D:11     | Reached skill level 10 in Fighting
 11931 | D:11     | Reached skill level 13 in Long Blades
 12034 | D:11     | Noticed a red ugly thing
 12048 | D:11     | Killed a red ugly thing
 12048 | D:11     | Reached ***** piety under Okawaru
 12317 | D:12     | Noticed Erolcha
 12317 | D:12     | Noticed a cyan ugly thing
 12490 | D:11     | Killed a cyan ugly thing
 12514 | D:12     | Noticed a four-headed hydra
 12564 | Lair:1   | Entered Level 1 of the Lair of Beasts
 12591 | Lair:1   | Noticed an eight-headed hydra
 12596 | Lair:1   | Noticed an eight-headed hydra
 12600 | Lair:1   | Noticed a five-headed hydra
 12609 | Lair:1   | Killed an 11-headed hydra
 12609 | Lair:1   | Reached skill level 1 in Invocations
 12612 | Lair:1   | Killed an 11-headed hydra
 12612 | Lair:1   | Received a gift from Okawaru
 12612 | Lair:1   | Reached XP level 12. HP: 107/107 MP: 9/12
 12622 | Lair:1   | Noticed an eight-headed hydra
 12624 | Lair:1   | Killed a 16-headed hydra
 14129 | Lair:2   | Noticed a six-headed hydra
 14182 | D:11     | Killed a 13-headed hydra
 14581 | D:13     | HP: 1/108 [meliai/divine providence (14)]
 14582 | D:13     | Killed from afar by a meliai

Levels and vault maps discovered:
D:1:      mushboom_english_gardens, layout_rooms
D:2:      layout_loops_corners, uniq_jessica, uniq_terence
D:3:      layout_basic, makhleb_heckhound_becter
D:4:      kennysheep_six_static_rooms, layout_basic,
          nicolae_ossuary_entry_catacombs, item_on_display_a, uniq_pikel
D:5:      layout_cave_pods, kennysheep_mini, minmay_temple_entry_nine_rooms,
          first_ration, amethyst_killhole
D:6:      layout_loops_ring, lemuel_coloured_pillars_altar,
          overflow_temple_1_default, nicolae_ru_path_of_blood,
          lightli_temple_of_fire
D:7:      layout_rooms, kennysheep_little_box, uniq_duvessa,
          uniq_crazy_yiuf_cottage, uniq_harold
D:8:      layout_cave_pools, lemuel_doored_altar
D:9:      layout_basic, overflow_temple_1_default
D:10:     kennysheep_seaside_town, layout_basic, basic_altar, special_room
          [special_room_orc], uniq_joseph
D:11:     layout_rooms, david_lair_generic, minmay_orc_entry_temple_small
D:12:     layout_rooms, serial_shops, shop_statue, minivault_1,
          hangedman_pestilent_swarm, uniq_erolcha
D:13:     layout_cave_pools, maelrawn_ghost_gauntlet_escape, enter_trove_6,
          kennysheep_doodads, lemuel_flamethrower_3
Temple:   cyrus_circular_temple
Lair:1:   layout_loops_ring, special_room [special_room_bee], st_stairs_11,
          grunt_megastairs_1, serial_bayou_shore_a
Lair:2:   layout_regular_city, minivault_19

Skill      XL: |  1  2  3  4  5  6  7  8  9 10 11 12 |
---------------+-------------------------------------+-----
Fighting       | 4 5 7 8 9 10 | 10.7
Shields        | 4 5 6 8 9 10 12 | 12.7
Long Blades    | 3 4 6 7 9 10 12 13 | 13.8
Armour         | 4 5 7 8 9 10 11 | 11.0
Dodging        | 1 2 3 4 |  4.1
Stealth        | 1 |  1.4
Evocations     | 1 |  1.6
Invocations    | 1 |  1.7

Action                   |  1- 3 |  4- 6 |  7- 9 | 10-12 || total
-------------------------+-------+-------+-------+-------++-------
Melee: Long sword        |    66 |   113 |   522 |   859 ||  1560
       Headbutt          |    10 |    30 |   128 |   217 ||   385
Invok: Heroism           |       |       |       |    10 ||    10
       Finesse           |       |       |       |     2 ||     2
Evoke: Wand              |       |       |     2 |    17 ||    19
  Use: Potion            |       |     5 |     1 |     6 ||    12
       Scroll            |       |     3 |     3 |    12 ||    18
 Stab: Distracted        |       |       |       |     1 ||     1
  Eat: Chunk             |       |     3 |    10 |    20 ||    33
       Ration            |       |       |     1 |     3 ||     4
Armor: Scale mail        |    37 |    35 |    70 |       ||   142
       Chain mail        |       |       |    89 |    13 ||   102
       Plate armour      |       |       |       |   448 ||   448
Dodge: Dodged            |    32 |    26 |   103 |   273 ||   434
Block: Shield            |    53 |    49 |   235 |   503 ||   840
       Rpst.: Long sword |     5 |     9 |    28 |    62 ||   104
